 Dungeon Crawl Stone Soup version 0.17.1-1-g73c8601 (webtiles) character file.

350 Runnr the Shield-Bearer (level 6, -1/58 HPs)
             Began as a Gargoyle Fighter on Jan 4, 2016.
             Slain by a killer bee (5 damage)
             ... on level 6 of the Dungeon.
             The game lasted 00:11:35 (2613 turns).

Runnr the Shield-Bearer (Gargoyle Fighter)          Turns: 2613, Time: 00:11:36

Health: -1/58      AC: 23    Str: 24    XL:     6   Next: 60%
Magic:  6/6        EV:  2    Int:  9    God:
Gold:   69         SH: 10    Dex: 11    Spells: 0 memorised, 5 levels left

rFire  . . .     SeeInvis .     a - +0 war axe
rCold  . . .     Clarity  .     (armour currently unavailable)
rNeg   + + +     SustAt   .     c - +0 shield
rPois  ∞         Gourm    .     (helmet currently unavailable)
rElec  .         Spirit   .     (cloak currently unavailable)
rCorr  .         Warding  .     (gloves currently unavailable)
rMut   .         NoTele   +     (boots currently unavailable)
MR     .....                    (no amulet)
Stlth  +.........               (no ring)
                                (no ring)

@: mighty, tree-form, not resistant to hostile enchantments, very unstealthy
A: negative energy resistance 1, (electricity resistance), (unbreathing),
petrification resistance, rot immunity, AC +4
a: no special abilities


You were on level 6 of the Dungeon.
You were not hungry.
You were a tree.
You visited 1 branch of the dungeon, and saw 6 of its levels.

You collected 69 gold pieces.

Inventory:

Hand Weapons
 a - a +0 war axe (weapon)
Missiles
 g - 25 poisoned needles
Armour
 c - a +0 shield (worn)
 i - a +0 pair of gloves (melded)
 v - a +4 scale mail of fire resistance (melded)
Jewellery
 u - an uncursed amulet of guardian spirit {unknown}
Scrolls
 b - 2 scrolls of enchant armour {unknown}
 f - 3 scrolls of remove curse {unknown}
 h - a scroll of enchant weapon {unknown}
 l - 2 scrolls of recharging {unknown}
 p - a scroll of noise {unknown}
 q - a scroll of identify {unknown}
 s - a scroll of magic mapping {unknown}
 t - a scroll of teleportation {unknown}
Potions
 e - a potion of curing {unknown}
 j - a potion of heal wounds {unknown}
 m - 2 potions of brilliance {unknown}
 n - a potion of invisibility {unknown}
 o - a potion of lignification
 r - 2 potions of cancellation {unknown}
Comestibles
 k - 6 chunks of flesh
 E - 4 bread rations
 K - 2 beef jerkies
 M - a fruit


   Skills:
 + Level 4.6 Fighting
 + Level 3.3 Axes
 + Level 4.8 Armour
 + Level 5.0 Shields


You had 5 spell levels left.
You didn't know any spells.

Dungeon Overview and Level Annotations

Branches:
Dungeon (7/15)
 Temple: D:4-7

Altars:

Shops:
D:4 :


Innate Abilities, Weirdness & Mutations

You are resistant to torment.
((Your stone body is resilient (AC +4).))
You are immune to poison.
You resist negative energy.
((You are resistant to electric shocks.))
((You can survive without breathing.))
You are immune to petrification.
You are immune to rotting.


Message History

You block the killer bee's attack.
The killer bee stings you but does no damage.
You block the killer bee's attack.
The killer bee stings you but does no damage.
The killer bee stings you.
* * * LOW HITPOINT WARNING * * *
The killer bee stings you but does no damage.
You slash the killer bee!
The killer bee is heavily wounded.
You barely miss the killer bee. You slash the killer bee!
The killer bee is almost dead.
The killer bee stings you but does no damage.
The killer bee barely misses you.
The killer bee stings you but does no damage. x2
You block the killer bee's attack. The killer bee barely misses you.
The killer bee stings you but does no damage.
You block the killer bee's attack.
The killer bee stings you but does no damage.
The killer bee stings you.
You die...

#######.#
#y♣yy...#
.....yy#######
#######


You could see 5 killer bees.

Vanquished Creatures
  A sky beast (D:4)
  A giant frog (D:3)
  An orc wizard (D:4)
  A worker ant (D:4)
  Terence (D:1)
  A hound skeleton (D:4)
  An adder (D:4)
  2 worms
  2 giant geckos
  13 orcs
  A ball python (D:1)
  7 bats
  8 goblins
  12 hobgoblins
  7 jackals
  A quokka (D:4)
  2 giant cockroaches (D:2)
  6 giant newts
  5 kobolds
  4 rats
77 creatures vanquished.

Notes
Turn   | Place    | Note
--------------------------------------------------------------
     0 | D:1      | Runnr the Gargoyle Fighter began the quest for the Orb.
     0 | D:1      | Reached XP level 1. HP: 14/14 MP: 1/1
   111 | D:1      | Reached XP level 2. HP: 19/19 MP: 2/2
   815 | D:1      | Reached XP level 3. HP: 24/24 MP: 3/3
   878 | D:2      | Noticed Terence
  1280 | D:2      | Reached skill level 4 in Shields
  1469 | D:3      | Noticed a giant frog
  1480 | D:3      | Killed a giant frog
  1480 | D:3      | Reached XP level 4. HP: 18/29 MP: 4/4
  1482 | D:3      | Reached XP level 5. HP: 20/33 MP: 5/5
  1749 | D:1      | Killed Terence
  1899 | D:3      | Noticed an ogre
  2341 | D:4      | Reached XP level 6. HP: 36/39 MP: 6/6
  2486 | D:4      | Found Entomathewk's Book Boutique.
  2534 | D:4      | Reached skill level 5 in Shields
  2600 | D:4      | You fall through a shaft for 3 floors!
  2613 | D:6      | Slain by a killer bee

Action                   |  1- 3 |  4- 6 || total
-------------------------+-------+-------++-------
Melee: War axe           |   142 |   137 ||   279
  Use: Potion            |       |     2 ||     2
  Eat: Chunk             |     1 |     5 ||     6
